 Dungeon Crawl Stone Soup version 0.29-a0-451-gfbfa42419e (console) character file.

Game seed: 8418600952786127113

192 Faeu the Chopper (level 5, 0/47 HPs)
             Began as a Minotaur Berserker on May 19, 2022.
             Was a Believer of Trog.
             Succumbed to a scorpion's poison
             ... on level 4 of the Dungeon.
             The game lasted 00:02:41 (3010 turns).

Faeu the Chopper (Minotaur Berserker)               Turns: 3010, Time: 00:02:42

Health: 0/47       AC: 11    Str: 24    XL:     5   Next: 42%
Magic:  4/4        EV:  7    Int:  4    God:    Trog [**....]
Gold:   208        SH:  0    Dex:  9    Spells: 4/4 levels left

rFire   . . .      SeeInvis .   a - +0 hand axe
rCold   . . .      Faith    .   (no shield)
rNeg    . . .      Spirit   .   m - +0 plate armour
rPois   .          Reflect  .   (helmet restricted)
rElec   .          Harm     .   (no cloak)
rCorr   .          Rampage  .   (no gloves)
Will    .....                   (no boots)
Stlth   ..........              (no amulet)
HPRegen 0.15/turn               (no ring)
MPRegen 0.09/turn               (no ring)

@: lethally poisoned (0 -> -14)
A: horns 2, retaliatory headbutt
a: Renounce Religion, Berserk, Trog's Hand


You were on level 4 of the Dungeon.
You worshipped Trog.
Trog was pleased with you.
You visited 1 branch of the dungeon, and saw 4 of its levels.

You collected 208 gold pieces.

Inventory:

Hand Weapons
 a - a +0 hand axe (weapon)
Armour
 b - a +0 animal skin
 m - a +0 plate armour (worn)
Jewellery
 o - a ring of ice
Wands
 k - a wand of charming (7)
Scrolls
 c - 6 scrolls of identify {unknown}
 d - 2 scrolls of enchant armour {unknown}
 i - a scroll of fear {unknown}
 j - 3 scrolls of teleportation {unknown}
 l - a scroll of poison {unknown}
 n - a scroll of vulnerability {unknown}
 p - a scroll of noise {unknown}
Potions
 e - 4 potions of curing {unknown}
 f - 3 potions of degeneration {unknown}
 g - 2 potions of heal wounds {unknown}
 h - a potion of mutation {unknown}


   Skills:
 + Level 4.8 Fighting
 + Level 4.9 Axes
 + Level 4.0 Armour
 + Level 3.6 Dodging


You had 4 spell levels left.
You didn't know any spells.
Your spell library was empty.

Dungeon Overview and Level Annotations

Branches:
Dungeon (4/15)
 Temple: D:4-7

Altars:

Annotations:
D:2 1 runed translucent door, Crazy Yiuf


Innate Abilities, Weirdness & Mutations

You have a pair of horns on your head.
You reflexively headbutt those who attack you in melee.


Message History

Something hits you but does no damage.
The scorpion stings you but does no damage.
You're too confused to move!
Something hits you but does no damage.
The scorpion stings you but does no damage.
You miss something. You hit the scorpion.
The scorpion stings you but does no damage.
Something hits you but does no damage. The scorpion barely misses you.
You feel less confused.
The scorpion stings you but does no damage.
You closely miss something. You hit the scorpion.
You hear some strange, mumbled words.
Something tries to affect you, but you resist.
The scorpion stings you but does no damage.
You hear some strange, mumbled words.
A magic dart appears from out of thin air!
The magic dart hits you but does no damage.
You miss something. You hit the scorpion. The scorpion stings you.
Something hits you. The scorpion barely misses you.
You hit something. Your headbutt misses something.
You closely miss the scorpion.
The scorpion stings you but does no damage.
Something hits you.
You hit something. You closely miss the scorpion.
The scorpion stings you but does no damage.
You hear some strange, mumbled words.
Something tries to affect you, but you resist.
You miss something. You barely miss the scorpion. The scorpion stings you.
Something hits you.
You miss something. You hit the scorpion but do no damage.
The scorpion stings you but does no damage.
Something hits you but does no damage. The scorpion stings you.
* * * LOW HITPOINT WARNING * * *
You barely miss something. You barely miss the scorpion.
The scorpion stings you.
* * * LOW HITPOINT WARNING * * *
You are lethally poisoned!
The scorpion poisons you! Something hits you.
* * * LOW HITPOINT WARNING * * *
You miss something. You hit the scorpion but do no damage.
You die...

.....#).. .......#...
....[.... ............
......... ...<......#
....(...# #..........
..#.....# #..........
........####..........
............(.........
.............<........
..#.....)###..........
.......?#{@###........
........)s.......##...
........####......# .#
#......## #......#
##..... ..........
....... .#.........
....... #.####.......
... ( ......# ##
....##


You could see a scorpion.

Vanquished Creatures
  An orc priest (D:4)
  3 gnolls (D:2)
  6 adders
  4 worms
  A dart slug (D:3)
  3 orcs (D:4)
  5 endoplasms
  4 giant cockroaches
  5 goblins
  2 hobgoblins
  3 jackals (D:1)
  6 kobolds
  4 quokkas
  3 ball pythons
  5 bats
  3 frilled lizards
  8 rats
66 creatures vanquished.

Notes
Turn   | Place    | Note
-------+----------+-------------------------------------------
     0 | D:1      | Faeu the Minotaur Berserker began the quest for the Orb.
     0 | D:1      | Reached XP level 1. HP: 19/19 MP: 0/0
    60 | D:1      | Reached XP level 2. HP: 26/27 MP: 1/1
   877 | D:2      | Reached XP level 3. HP: 33/33 MP: 2/2
  1517 | D:2      | Reached XP level 4. HP: 32/40 MP: 3/3
  1633 | D:2      | Found a faded altar of an unknown god.
  1727 | D:2      | Found a runed translucent door.
  1728 | D:2      | Noticed Crazy Yiuf
  1863 | D:2      | Reached ** piety under Trog
  2662 | D:3      | Reached XP level 5. HP: 47/47 MP: 4/4
  3010 | D:4      | Succumbed to a scorpion's poison

Illustrated notes

Levels and vault maps discovered:
D:1:      roderic_crop_circles_arrival_small, layout_loops_ring
D:2:      layout_loops_ring, shapermc_ecumenical_altar_flowoftime,
          minmay_joined_circles, uniq_crazy_yiuf_cottage
D:3:      layout_rooms
D:4:      layout_cave_pools

Skill      XL: |  1  2  3  4  5 |
---------------+----------------+-----
Fighting       | 4 |  4.8
Axes           | 4 |  4.9
Armour         | 3 4 |  4.0
Dodging        | 3 |  3.6

Action                   |  1- 3 |  4- 6 || total
-------------------------+-------+-------++-------
Melee: Hand axe          |    54 |   102 ||   156
       Headbutt          |     4 |     9 ||    13
       Punch             |       |     2 ||     2
Invok: Berserk           |       |     1 ||     1
 Stab: Distracted        |     1 |       ||     1
       Sleeping          |     1 |       ||     1
Armor: Animal skin       |     7 |     2 ||     9
       Plate armour      |       |    49 ||    49
Dodge: Dodged            |    38 |    48 ||    86

Table legend: (Time is in decaauts)
 A = Elapsed time spent in this place.
 B = Non-inter-level travel time spent in this place.
 C = Inter-level travel time spent in this place.
 D = Time resting spent in this place.
 E = Time spent auto-exploring this place.
 F = Levels seen in this place.
 G = Mean time per level.
                   A        B        C        D        E       F      G
               +--------+--------+--------+--------+--------+-----+--------+
         Total |   3032 |   2924 |    108 |      0 |   2542 |   4 |  758.0 |
       Dungeon |   3032 |   2924 |    108 |      0 |   2542 |   4 |  758.0 |
               +--------+--------+--------+--------+--------+-----+--------+

Top non-repeatable levels by time:
     D:2: 1701 daAuts
     D:1: 740 daAuts
     D:3: 537 daAuts
     D:4: 53 daAuts
